[Event "Titled Tuesday Blitz May 9 Late 2023"]
[White "Maluco_do_Natal_00"]
[Black "Vargas, Mauricio"]
[BlackFideId "4404572"]
[WhiteElo "2022"]
[BlackElo "1986"]
[Result "1-0"]
[Round "10"]
[TimeControl "180+2"]
[Date "2023.05.09"]
[WhiteClock "0:00:14"]
[BlackClock "0:00:47"]

1. e4 c6 2. d4 d5 3. Nc3 dxe4 4. Nxe4 Nf6 5. Nxf6+ exf6 6. c3 Bd6 7. Qc2 O-O 8. Bd3 h6 9. Ne2 Re8 10. Be3 Nd7 11. O-O-O b5 12. Rhe1 Nb6 13. Kb1 Be6 14. Nf4 Nd5 15. Nxd5 Bxd5 16. g3 Qa5 17. b3 Rac8 18. Bd2 Red8 19. c4 bxc4 20. Bxa5 cxd3 21. Qxd3 Rf8 22. f4 g6 23. Kb2 Be6 24. Rxe6 fxe6 25. Qxg6+ Kh8 26. Qxh6+ Kg8 27. Qg6+ Kh8 28. Re1 e5 29. fxe5 fxe5 30. Qxd6 exd4 31. Qxd4+ Kh7 32. Re7+ Kg6 33. Qg7+ Kf5 34. Re5# 1-0


[Site "https://www.chess.com"]

[Event "Titled Tuesday Blitz May 9 Late 2023"]
[White "Dias, Joao Batista"]
[Black "Prado, Alexandra"]
[WhiteFideId "2108240"]
[BlackFideId "3301346"]
[WhiteElo "1907"]
[BlackElo "1759"]
[Result "1-0"]
[Round "10"]
[TimeControl "180+2"]
[Date "2023.05.09"]
[WhiteClock "0:01:25"]
[BlackClock "0:00:00"]

1. e4 c5 2. f4 g6 3. Nf3 d6 4. c3 Nc6 5. d3 Bg7 6. Be2 e6 7. O-O Nge7 8. Na3 O-O 9. Nc2 d5 10. Be3 b6 11. Qe1 Bb7 12. Qh4 h6 13. Rad1 h5 14. Ng5 Nc8 15. Qh3 d4 16. cxd4 cxd4 17. Bf2 e5 18. f5 Qxg5 19. Bh4 Qh6 20. f6 Bh8 21. Rf3 a5 22. Rg3 Nd6 23. Bg5 Qh7 24. Bxh5 Qxh5 25. Bh6 Qxh3 26. Rxh3 Rfe8 27. Bg5 Re6 28. Rf1 Ne8 29. Rhf3 Ba6 30. Na3 Rc8 31. h4 Nb4 32. h5 Nxd3 33. h6 Nf4 34. Kf2 Bxf6 35. h7+ Kxh7 36. Rh1+ Kg8 37. Bxf4 exf4 38. Rxf4 Bg7 39. b3 d3 40. Ke3 Nf6 41. Nc4 Bxc4 42. bxc4 Rxc4 43. Kxd3 Rcc6 44. e5 Nd5 45. Rd4 Rc3+ 46. Kd2 Rc5 47. Rb1 Bxe5 48. Rg4 Bf4+ 49. Kd3 Re3+ 50. Kd4 g5 51. g3 Rxg3 52. Rxg3 Bxg3 53. Rg1 Bf4 54. Ke4 Kg7 55. Kf5 Ne3+ 56. Ke4 f5+ 57. Kd3 Rd5+ 58. Kc3 1-0


[Site "https://www.chess.com"]

[Event "Titled Tuesday Blitz May 9 Late 2023"]
[White "Romanchuk, Viktor"]
[Black "Sanchez, Robert"]
[WhiteFideId "14109271"]
[BlackFideId "2034360"]
[WhiteElo "2242"]
[BlackElo "1845"]
[Result "1-0"]
[Round "10"]
[TimeControl "180+2"]
[Date "2023.05.09"]
[WhiteClock "0:00:12"]
[BlackClock "0:00:08"]

1. d4 g6 2. c4 Bg7 3. Nf3 Nf6 4. g3 d6 5. Bg2 O-O 6. O-O Nc6 7. Nc3 e5 8. d5 Ne7 9. e4 h6 10. Ne1 Nd7 11. Nd3 f5 12. f4 exf4 13. Nxf4 Ne5 14. Ne6 Bxe6 15. dxe6 c6 16. Qb3 Kh7 17. Qxb7 Rb8 18. Qxa7 Nxc4 19. exf5 gxf5 20. Ne2 Ra8 21. Qf2 Nxb2 22. Rb1 Nd3 23. Qe3 Nxc1 24. Nxc1 Ra4 25. Kh1 Qa5 26. Rb7 Re8 27. Qd3 d5 28. Rxe7 Rxe7 29. Qxf5+ Kh8 30. Nd3 Qd2 31. Nf4 Rxa2 32. Ng6+ Kg8 33. Nxe7+ Kh8 34. Ng6+ Kg8 35. Qf3 1-0


[Site "https://www.chess.com"]

[Event "Titled Tuesday Blitz May 9 Late 2023"]
[White "Sargsyan, Shant"]
[Black "Sarana, Alexey"]
[WhiteFideId "13306766"]
[BlackFideId "24133795"]
[WhiteElo "2628"]
[BlackElo "2714"]
[Result "0-1"]
[Round "11"]
[TimeControl "180+2"]
[Date "2023.05.09"]
[WhiteClock "0:00:00"]
[BlackClock "0:00:10"]

1. g3 d5 2. Nf3 g6 3. Bg2 Bg7 4. d4 c6 5. O-O Nf6 6. c3 O-O 7. Bf4 Nbd7 8. Qc1 Re8 9. a4 a5 10. Nbd2 Nh5 11. Be3 e5 12. dxe5 Nxe5 13. Nxe5 Bxe5 14. Re1 Bg7 15. Nf3 Nf6 16. Bd4 Bf5 17. b3 Qe7 18. Nd2 c5 19. Be3 Ng4 20. Nf1 d4 21. cxd4 cxd4 22. Bg5 Qd7 23. Qd2 h6 24. Bf4 g5 25. Bxg5 hxg5 26. Qxg5 Nf6 27. Rad1 Ne4 28. Bxe4 Bxe4 29. Ne3 Rad8 30. Ng4 Qe6 31. h4 Rd5 32. Qf4 Rf5 33. Qd2 Qg6 34. f3 Bc6 35. Kh2 Rc5 36. Rc1 Rc3 37. Qf4 f5 38. Rxc3 dxc3 39. Nf2 Qe6 40. Nd3 Qxb3 41. Qxf5 Qe6 42. Qf4 Qe3 43. Qc4+ Kh8 44. Qf7 Rf8 45. Qh5+ Qh6 46. Qc5 Qd2 47. Qh5+ Kg8 48. Kh3 Bd7+ 49. g4 Bc6 50. Qc5 c2 51. Qc4+ Kh8 52. Kg3 Rd8 53. Rh1 Rxd3 54. exd3 Be5+ 55. Kh3 Qe3 56. Qf7 Qxf3+ 57. Qxf3 Bxf3 58. Re1 Bb2 59. Re8+ Kg7 60. Re7+ Kf8 61. Rc7 Bc6 62. Rc8+ Ke7 63. Rxc6 bxc6 0-1


[Site "https://www.chess.com"]

[Event "Titled Tuesday Blitz May 9 Late 2023"]
[White "Carlsen, Magnus"]
[Black "Makarian, Rudik"]
[WhiteFideId "1503014"]
[BlackFideId "44105681"]
[WhiteElo "2852"]
[BlackElo "2461"]
[Result "0-1"]
[Round "11"]
[TimeControl "180+2"]
[Date "2023.05.09"]
[WhiteClock "0:02:19"]
[BlackClock "0:01:11"]

1. h4 Nf6 2. d4 d5 3. Nf3 h6 4. Bf4 Bf5 5. e3 e6 6. c4 Nc6 7. a3 Bd6 8. Bxd6 cxd6 9. Nc3 dxc4 10. Bxc4 d5 11. Bb5 O-O 12. Bxc6 bxc6 13. Ne5 Qc7 14. Rc1 Nd7 15. Nxd7 Qxd7 16. g4 Bg6 17. h5 Bh7 18. g5 hxg5 19. h6 Bg6 20. Na4 gxh6 21. Rxh6 Kg7 22. Rh1 Rh8 23. Kd2 e5 24. Rxh8 Rxh8 25. Kc3 Rh2 26. Qf3 exd4+ 27. exd4 Rh3 0-1


[Site "https://www.chess.com"]

[Event "Titled Tuesday Blitz May 9 Late 2023"]
[White "Kollars, Dmitrij"]
[Black "Zhigalko, Sergei"]
[WhiteFideId "12909572"]
[BlackFideId "13502956"]
[WhiteElo "2584"]
[BlackElo "2626"]
[Result "1-0"]
[Round "11"]
[TimeControl "180+2"]
[Date "2023.05.09"]
[WhiteClock "0:00:07"]
[BlackClock "0:00:00"]

1. e4 c5 2. Nf3 Nc6 3. Bb5 Nf6 4. Nc3 Qc7 5. O-O Nd4 6. Re1 a6 7. Bf1 e5 8. Nd5 Nxd5 9. exd5 d6 10. c3 Nxf3+ 11. Qxf3 Be7 12. d4 O-O 13. dxe5 dxe5 14. c4 Bd6 15. b3 Bd7 16. Bb2 Rae8 17. g3 f5 18. Qc3 Re7 19. Re2 Be8 20. Rae1 Bh5 21. f3 e4 22. Bg2 Rfe8 23. Kf2 b5 24. Qc2 b4 25. Re3 f4 26. gxf4 Bg6 27. f5 Bxf5 28. fxe4 Bxh2 29. Ke2 Bg6 30. Kd1 Bf4 31. R3e2 Bh5 32. Qd3 Be5 33. Bc1 Qd6 34. Be3 Rf7 35. Kc2 Bxe2 36. Rxe2 Bc3 37. Qd1 Be5 38. Qg1 Ref8 39. Bh3 Bd4 40. Be6 Bxe3 41. Qxe3 Kh8 42. e5 Qe7 43. Bxf7 Qxf7 44. e6 Qf1 45. e7 Re8 46. d6 h6 47. Qe4 Qa1 48. d7 Qxa2+ 49. Kc1 Qa1+ 50. Qb1 Qc3+ 51. Qc2 Qa1+ 52. Kd2 Qd4+ 53. Qd3 Qb2+ 54. Ke1 Qa1+ 55. Qd1 Qc3+ 56. Qd2 Qg3+ 57. Kd1 Qxb3+ 58. Qc2 1-0


[Site "https://www.chess.com"]

[Event "Titled Tuesday Blitz May 9 Late 2023"]
[White "Andreikin, Dmitry"]
[Black "Annaberdiyev, Meylis"]
[WhiteFideId "4158814"]
[BlackFideId "14000563"]
[WhiteElo "2736"]
[BlackElo "2416"]
[Result "1-0"]
[Round "11"]
[TimeControl "180+2"]
[Date "2023.05.09"]
[WhiteClock "0:01:12"]
[BlackClock "0:00:11"]

1. c4 e5 2. Nc3 Nc6 3. g3 Bc5 4. Bg2 d6 5. e3 a6 6. Nge2 Ba7 7. b3 h5 8. d4 h4 9. Bb2 Nf6 10. Qd2 Bf5 11. O-O-O e4 12. h3 Nb4 13. g4 Bh7 14. Kb1 Nd3 15. Rhf1 Qe7 16. Ka1 c6 17. Ba3 O-O-O 18. g5 Nh5 19. Nxe4 Bxe4 20. Bxe4 Qxe4 21. Qxd3 Qf3 22. Ng1 Qg2 23. Qf5+ Rd7 24. Qg4 Qh2 25. Nf3 f5 26. gxf6 Nxf6 27. Qxd7+ 1-0


[Site "https://www.chess.com"]

[Event "Titled Tuesday Blitz May 9 Late 2023"]
[White "Ibarra Jerez, Jose Carlos"]
[Black "Bortnyk, Olexandr"]
[WhiteFideId "2226332"]
[BlackFideId "14120828"]
[WhiteElo "2638"]
[BlackElo "2734"]
[Result "0-1"]
[Round "11"]
[TimeControl "180+2"]
[Date "2023.05.09"]
[WhiteClock "0:00:06"]
[BlackClock "0:01:02"]

1. e4 Nf6 2. e5 Nd5 3. c4 Nb6 4. d4 d6 5. exd6 exd6 6. Nc3 Be7 7. Bd3 Nc6 8. Nge2 Bg4 9. f3 Bh4+ 10. g3 Bxf3 11. O-O Bxe2 12. Qxe2+ Be7 13. Nd5 O-O 14. Qe4 g6 15. Bh6 f5 16. Qe6+ Rf7 17. Rae1 Nxd5 18. cxd5 Nxd4 19. Qe3 Bf6 20. g4 fxg4 21. Kg2 Nf3 22. Re2 Be5 23. Be4 Qh4 24. Bxf3 gxf3+ 25. Rxf3 Qxh2+ 26. Kf1 Qh1+ 27. Kf2 Bd4 28. Qxd4 Rxf3# 0-1


[Site "https://www.chess.com"]

[Event "Titled Tuesday Blitz May 9 Late 2023"]
[White "Pichot, Alan"]
[Black "Pranav, V"]
[WhiteFideId "110973"]
[BlackFideId "25060783"]
[WhiteElo "2573"]
[BlackElo "2515"]
[Result "1-0"]
[Round "11"]
[TimeControl "180+2"]
[Date "2023.05.09"]
[WhiteClock "0:00:25"]
[BlackClock "0:00:07"]

1. e4 e5 2. Nf3 Nc6 3. Bb5 a6 4. Ba4 d6 5. O-O Bd7 6. c4 g6 7. d4 exd4 8. Bxc6 Bxc6 9. Nxd4 Bg7 10. Nxc6 bxc6 11. Qa4 Qd7 12. c5 dxc5 13. Rd1 Qe6 14. Nc3 Ne7 15. Nd5 Rc8 16. Bg5 f6 17. Be3 O-O 18. Nxe7+ Qxe7 19. Qxc6 Rfe8 20. f3 f5 21. Bxc5 Qe6 22. Qxe6+ Rxe6 23. exf5 gxf5 24. Rd2 Rb8 25. Ba3 c5 26. Bxc5 Bxb2 27. Rad1 Be5 28. g3 Rc8 29. Rd8+ Rxd8 30. Rxd8+ Kf7 31. Rd7+ Kg6 32. Kf2 Rc6 33. Be3 Rc3 34. f4 Bc7 35. Bd4 Rc4 36. Ke3 Rc6 37. Rg7+ Kh6 38. Rg5 Bb6 39. Bxb6 Rxb6 40. Rxf5 Rb2 41. Rf6+ Kg7 42. Rxa6 Rxh2 43. a4 Ra2 44. Kf3 h5 45. f5 Kf7 46. Kf4 1-0


[Site "https://www.chess.com"]

[Event "Titled Tuesday Blitz May 9 Late 2023"]
[White "Holt, Conrad"]
[Black "Terry, Renato"]
[WhiteFideId "2034387"]
[BlackFideId "3803457"]
[WhiteElo "2592"]
[BlackElo "2575"]
[Result "0-1"]
[Round "11"]
[TimeControl "180+2"]
[Date "2023.05.09"]
[WhiteClock "0:00:00"]
[BlackClock "0:00:55"]

1. d4 e6 2. c4 Bb4+ 3. Nd2 Nf6 4. a3 Be7 5. e3 d6 6. Bd3 O-O 7. Ngf3 Re8 8. b4 a5 9. Bb2 axb4 10. axb4 Rxa1 11. Qxa1 Nc6 12. Bc3 Bf8 13. b5 Ne7 14. O-O Ng6 15. Rd1 Qe7 16. Ne4 Nxe4 17. Bxe4 f5 18. Bc2 e5 19. dxe5 dxe5 20. e4 f4 21. h3 Nh4 22. Nxh4 Qxh4 23. Rd3 Bc5 24. Qe1 c6 25. Ba4 Re6 26. bxc6 bxc6 27. Qd2 Kf7 28. Rd8 Bxf2+ 29. Kf1 Be3 30. Rd7+ Bxd7 31. Qxd7+ Qe7 32. Qc8 Qd6 33. Ke2 Bc5 34. Qb7+ Kg6 35. Qa8 h6 36. Bc2 Kh7 37. Qc8 Qe7 38. Be1 Qe8 39. Qb7 Qg6 40. Kf1 f3 41. gxf3 Qg1+ 42. Ke2 Qe3+ 43. Kd1 Rd6+ 0-1


[Site "https://www.chess.com"]

[Event "Titled Tuesday Blitz May 9 Late 2023"]
[White "Wieczorek, Oskar"]
[Black "Yoo, Christopher Woojin"]
[WhiteFideId "1133950"]
[BlackFideId "30909694"]
[WhiteElo "2418"]
[BlackElo "2519"]
[Result "0-1"]
[Round "11"]
[TimeControl "180+2"]
[Date "2023.05.09"]
[WhiteClock "0:00:00"]
[BlackClock "0:00:19"]

1. e4 c5 2. Nf3 e6 3. g3 Nc6 4. Bg2 d5 5. exd5 exd5 6. O-O Bg4 7. h3 Bxf3 8. Bxf3 Nf6 9. d3 Be7 10. Bg2 O-O 11. Nd2 Qc7 12. Nf3 h6 13. a3 Rfe8 14. Nh4 Bf8 15. Nf5 Qd7 16. g4 h5 17. Bg5 hxg4 18. hxg4 Nh7 19. Bf4 Rad8 20. c3 g6 21. Ne3 d4 22. Nd5 Bg7 23. c4 Be5 24. Bd2 Ne7 25. f4 Bg7 26. Qf3 Nxd5 27. Qxd5 Qxg4 28. Qf3 Qf5 29. Rae1 Nf6 30. Bh3 Qh5 31. Qxh5 Nxh5 32. f5 Ng3 33. Rf3 Rxe1+ 34. Bxe1 Nxf5 35. Bxf5 gxf5 36. Rxf5 b6 37. b4 Re8 38. Kf2 Re3 39. Rf3 Re5 40. bxc5 bxc5 41. Bd2 Rh5 42. Kg2 Be5 43. Rh3 Rxh3 44. Kxh3 f5 45. Kg2 Kf7 46. Kf3 Ke6 47. Ba5 Kd7 48. a4 Kc6 49. Bd8 Kb7 50. Be7 Kb6 51. Bf8 a6 52. Be7 Ka5 53. Bxc5 Kxa4 54. Ke2 a5 55. Bb6 Kb4 56. c5 Kb5 57. Kd2 a4 58. Kc2 f4 59. Kb2 f3 0-1


[Site "https://www.chess.com"]

[Event "Titled Tuesday Blitz May 9 Late 2023"]
[White "Tari, Aryan"]
[Black "Kamsky, Gata"]
[WhiteFideId "1510045"]
[BlackFideId "2000024"]
[WhiteElo "2571"]
[BlackElo "2660"]
[Result "1-0"]
[Round "11"]
[TimeControl "180+2"]
[Date "2023.05.09"]
[WhiteClock "0:00:09"]
[BlackClock "0:00:05"]

1. e4 e5 2. Nf3 Nc6 3. d4 exd4 4. Nxd4 Bc5 5. Nxc6 Qf6 6. Qf3 Qxf3 7. gxf3 bxc6 8. Rg1 g6 9. Nc3 Bd4 10. Be3 Bg7 11. O-O-O Ne7 12. f4 Bf6 13. Ne2 d6 14. Nd4 Rb8 15. c3 Bd7 16. Nf3 Be6 17. e5 Bg7 18. exd6 cxd6 19. Rxd6 Nf5 20. Rd2 Nxe3 21. fxe3 Bxa2 22. Nd4 O-O 23. Nxc6 Rb7 24. Bg2 Rc7 25. Rgd1 Be6 26. Rd8 Bf6 27. Rxf8+ Kxf8 28. Nd4 Bd7 29. e4 g5 30. e5 Bg7 31. fxg5 Bxe5 32. h4 Bg3 33. Rh1 Kg7 34. Kd2 Bf4+ 35. Kd3 h6 36. gxh6+ Kxh6 37. Be4 a5 38. Rf1 Bg3 39. Bd5 Bxh4 40. Rh1 Kh5 41. Nf3 Bf5+ 42. Kd4 1-0


[Site "https://www.chess.com"]

[Event "Titled Tuesday Blitz May 9 Late 2023"]
[White "Demchenko, Anton"]
[Black "Seemann, Jakub"]
[WhiteFideId "4160258"]
[BlackFideId "21874697"]
[WhiteElo "2545"]
[BlackElo "2364"]
[Result "1/2-1/2"]
[Round "11"]
[TimeControl "180+2"]
[Date "2023.05.09"]
[WhiteClock "0:00:06"]
[BlackClock "0:00:06"]

1. e4 c6 2. d4 d5 3. e5 Bf5 4. Bd3 Bxd3 5. Qxd3 Qa5+ 6. c3 e6 7. Ne2 Ne7 8. O-O Qa6 9. Qd1 Nd7 10. Nd2 c5 11. Nf3 Nc6 12. a3 cxd4 13. cxd4 Be7 14. Be3 O-O 15. Nf4 Qb5 16. Rb1 a5 17. a4 Qa6 18. h4 b5 19. Nh5 bxa4 20. Qxa4 Qc4 21. Qd1 Nb4 22. Rc1 Qd3 23. Rc7 Rfd8 24. Qc1 Qg6 25. Nf4 Qf5 26. Rd1 Bf8 27. Ne2 h6 28. Ng3 Qh7 29. Qd2 Nb6 30. b3 a4 31. bxa4 Nc4 32. Qe2 Rxa4 33. Nh2 Ra2 34. Qf3 Qc2 35. Rf1 Nxe5 36. dxe5 Qxc7 37. Ng4 Qd7 38. Bxh6 Ra3 39. Qxa3 Nc6 40. Qf3 Nd4 41. Qd1 Nf5 42. Bg5 Rc8 43. Nxf5 exf5 44. Ne3 d4 45. Qd2 Qa7 46. Nc2 Qa2 47. Qxd4 Qxc2 48. Qf4 Qe4 49. Qg3 Rc4 50. Qe3 Qxe3 51. fxe3 Re4 52. Rxf5 g6 53. Rf1 Rxe5 54. Kf2 Rf5+ 55. Bf4 Ra5 56. g3 Ra2+ 57. Kf3 Be7 58. Rd1 Ra4 59. Rd7 Kf8 60. Rb7 Ke8 61. Be5 Ra2 62. Bf4 Rc2 63. Rb8+ Kd7 64. Rb5 Ke6 65. Ra5 Rc1 66. Ra6+ Kd7 67. Ra7+ Ke6 68. Ke4 f5+ 69. Kf3 Rf1+ 70. Ke2 Rb1 71. Ra6+ Kf7 72. Kf3 Rd1 73. Rb6 Ra1 74. Rc6 Rf1+ 75. Ke2 Rb1 76. Rc7 Ke6 77. Ra7 Bc5 78. Ra8 Rb2+ 79. Kd3 Rb1 80. Rc8 Be7 81. Rg8 Kf7 82. Ra8 Ke6 83. Ra7 Rd1+ 84. Ke2 Rb1 85. Ra6+ Kf7 86. Rc6 Ra1 87. Kf3 Rf1+ 88. Ke2 Rb1 89. Rc4 Rb2+ 90. Kf3 Rb1 91. e4 fxe4+ 92. Kxe4 Bf6 93. Kf3 Rb3+ 94. Kg4 Rd3 95. Rc7+ Ke6 96. Rc6+ Kf7 97. Ra6 Rb3 98. Ra4 Rd3 99. Re4 Rb3 100. Re2 Rd3 101. Rg2 Rb3 102. Rf2 Kg7 103. Rc2 Kf7 104. Rc7+ Ke6 105. Rc6+ Kf7 106. Rc4 Rd3 107. Re4 Rb3 108. h5 gxh5+ 109. Kxh5 Rb5+ 110. Kg4 Kg6 111. Re6 Kf7 112. Ra6 Rd5 113. Kf3 Rb5 114. Ke4 Rb4+ 115. Kf5 Rb5+ 116. Kg4 Kg6 117. Rc6 Kf7 118. Kf3 Rb3+ 119. Ke4 Rb4+ 120. Kf5 Rb5+ 121. Kg4 Kg6 122. Rd6 Kf7 123. Rd3 Ra5 124. Kf3 Rb5 125. g4 Kg6 126. Rd6 Kf7 127. Ke4 Be7 128. Ra6 Rb4+ 129. Kf5 Rb5+ 130. Be5 Rb1 131. g5 Rf1+ 132. Ke4 Re1+ 133. Kd4 Rxe5 134. Kxe5 Bxg5 135. Ra7+ Be7 136. Kf5 Kf8 137. Ke6 Bh4 138. Rf7+ Kg8 139. Rf4 Be1 140. Rg4+ Kf8 141. Rg5 Bd2 142. Rg3 Be1 143. Rg2 Bc3 144. Rg5 Be1 145. Rg4 Bd2 146. Rg3 Bb4 147. Rb3 Be1 148. Rb7 Kg8 149. Rf7 Bc3 150. Rf3 Bb2 151. Rb3 Bc1 152. Rb7 Bg5 153. Kf5 Bd2 154. Kf6 Bc3+ 155. Ke6 Bd2 156. Rc7 Be3 157. Rd7 Bf4 158. Rd4 Bc1 159. Rg4+ Kf8 160. Rg2 Be3 161. Re2 Bc1 162. Kf6 Kg8 163. Re8+ Kh7 164. Re7+ Kh6 165. Kf5 Bb2 166. Rf7 Ba1 167. Rd7 Bb2 168. Rc7 Bd4 169. Rb7 Bc3 170. Rb3 Bd4 171. Rg3 Bb2 172. Rg6+ Kh7 173. Rg4 Bc3 174. Ke6 Bb2 175. Kf7 Kh6 176. Rg6+ Kh5 177. Rg2 Bc3 178. Ke6 Kh4 179. Kf5 Kh3 180. Rc2 Bd4 181. Rc4 Bg1 182. Rf4 Kg2 183. Ke4 Kh1 184. Rg4 Bh2 1/2-1/2


[Site "https://www.chess.com"]

[Event "Titled Tuesday Blitz May 9 Late 2023"]
[White "Salinas Herrera, Pablo"]
[Black "Averjanov, Alexey"]
[WhiteFideId "3407128"]
[BlackFideId "14109867"]
[WhiteElo "2546"]
[BlackElo "2714"]
[Result "0-1"]
[Round "11"]
[TimeControl "180+2"]
[Date "2023.05.09"]
[WhiteClock "0:00:00"]
[BlackClock "0:00:39"]

1. e4 c6 2. Nf3 d5 3. Nc3 Bg4 4. h3 Bxf3 5. Qxf3 dxe4 6. Nxe4 Nd7 7. Bc4 Ngf6 8. d4 e6 9. O-O Nxe4 10. Qxe4 Nf6 11. Qe3 Be7 12. Rd1 O-O 13. Be2 Nd5 14. Qf3 Bg5 15. c3 Bxc1 16. Raxc1 Qf6 17. Qe4 b5 18. g3 a5 19. a3 a4 20. h4 Rab8 21. Kg2 Rfd8 22. Bd3 g6 23. h5 Kf8 24. Rh1 Ke7 25. Rce1 Rh8 26. Qg4 Rbg8 27. Re5 gxh5 28. Qe4 Nf4+ 29. Kf1 Rxg3 30. Bxb5 cxb5 31. fxg3 Nd3+ 32. Ke2 Nxe5 33. dxe5 Qg5 34. Qb7+ Kf8 35. Qxb5 Kg7 36. Rf1 Rd8 37. Rf3 Rd2+ 38. Kf1 Rc2 39. Kg1 Qd2 0-1


[Site "https://www.chess.com"]

[Event "Titled Tuesday Blitz May 9 Late 2023"]
[White "Hjartarson, Johann"]
[Black "Remizov, Yaroslav"]
[WhiteFideId "2300044"]
[BlackFideId "34134015"]
[WhiteElo "2407"]
[BlackElo "2400"]
[Result "0-1"]
[Round "11"]
[TimeControl "180+2"]
[Date "2023.05.09"]
[WhiteClock "0:00:35"]
[BlackClock "0:01:43"]

1. e4 c5 2. Nf3 e6 3. d4 cxd4 4. Nxd4 Nf6 5. Nc3 Nc6 6. Ndb5 Bc5 7. Nd6+ Ke7 8. Nxc8+ Rxc8 9. Be2 Qc7 10. O-O h5 11. Bg5 Ne5 12. Qd2 Ng4 13. g3 h4 14. Bxg4 hxg3 15. h3 gxf2+ 16. Kg2 Ke8 17. Bxf6 gxf6 18. Rad1 Rg8 19. Kf3 f5 20. exf5 exf5 21. Bxf5 Rg3+ 22. Ke2 Qe5+ 23. Be4 Qh5+ 0-1


[Site "https://www.chess.com"]

[Event "Titled Tuesday Blitz May 9 Late 2023"]
[White "benny_aizenberg"]
[Black "Timmermans, Mark"]
[BlackFideId "1026399"]
[WhiteElo "2669"]
[BlackElo "2460"]
[Result "1-0"]
[Round "11"]
[TimeControl "180+2"]
[Date "2023.05.09"]
[WhiteClock "0:00:40"]
[BlackClock "0:00:21"]

1. e4 e5 2. Nf3 Nc6 3. d4 exd4 4. Nxd4 Nf6 5. Nxc6 bxc6 6. e5 Qe7 7. Qe2 Nd5 8. h4 f6 9. c4 Ba6 10. Rh3 fxe5 11. Bg5 Nf6 12. Re3 O-O-O 13. Rxe5 Qf7 14. Nc3 Bb4 15. O-O-O Bxc3 16. bxc3 Rhe8 17. Re3 Nd5 18. Qf3 Qxf3 19. Rxf3 Nf6 20. Bxf6 gxf6 21. Rxf6 Re7 22. g3 Rde8 23. Bd3 d6 24. h5 c5 25. h6 Bb7 26. g4 Be4 27. g5 Bxd3 28. Rxd3 Kd7 29. Kc2 Re5 30. f4 Re2+ 31. Rd2 R2e4 32. f5 R8e7 33. g6 Rg4 34. g7 1-0


[Site "https://www.chess.com"]

[Event "Titled Tuesday Blitz May 9 Late 2023"]
[White "Kourkoulos-Arditis, Stamatis"]
[Black "Leiva, Gianmarco"]
[WhiteFideId "4221990"]
[BlackFideId "3804399"]
[WhiteElo "2400"]
[BlackElo "2365"]
[Result "1-0"]
[Round "11"]
[TimeControl "180+2"]
[Date "2023.05.09"]
[WhiteClock "0:00:12"]
[BlackClock "0:00:00"]

1. Nf3 e6 2. g3 b6 3. Bg2 Bb7 4. O-O c5 5. c4 Nf6 6. Nc3 a6 7. d4 cxd4 8. Qxd4 d6 9. Rd1 Nbd7 10. b3 Qc7 11. Bb2 Be7 12. Rac1 O-O 13. h3 Rac8 14. g4 Qb8 15. g5 Nh5 16. e3 Rfd8 17. Ne2 f5 18. Qh4 g6 19. Nf4 Nxf4 20. exf4 Nc5 21. Re1 Bf8 22. Rcd1 Qc7 23. Nd4 Re8 24. Bxb7 Qxb7 25. b4 Na4 26. Ba1 e5 27. fxe5 dxe5 28. Ne2 Bxb4 29. Rf1 Rcd8 30. Rd5 Nc5 31. Rfd1 Rxd5 32. cxd5 e4 33. d6 Nd3 34. Rxd3 exd3 35. Qc4+ 1-0


[Site "https://www.chess.com"]

[Event "Titled Tuesday Blitz May 9 Late 2023"]
[White "Martinez, Shawn"]
[Black "Nazari, Arad"]
[WhiteFideId "2039770"]
[BlackFideId "12577324"]
[WhiteElo "2174"]
[BlackElo "2175"]
[Result "1-0"]
[Round "11"]
[TimeControl "180+2"]
[Date "2023.05.09"]
[WhiteClock "0:00:05"]
[BlackClock "0:00:00"]

1. e4 c5 2. Nc3 d6 3. Bb5+ Bd7 4. a4 g6 5. f4 Bg7 6. Nf3 a6 7. Bc4 e6 8. O-O Ne7 9. d3 O-O 10. Qe1 Nbc6 11. Kh1 Nd4 12. Nxd4 cxd4 13. Ne2 b5 14. Bb3 f5 15. Ng3 fxe4 16. Nxe4 Nf5 17. Ng5 Re8 18. axb5 axb5 19. Rxa8 Qxa8 20. Bd2 d5 21. Qf2 h6 22. Nf3 Qa7 23. Re1 Qc7 24. g4 Ne3 25. Bxe3 dxe3 26. Qxe3 Bxb2 27. Ne5 Bxe5 28. fxe5 Kg7 29. Rf1 Bc6 30. Qf4 Qe7 31. d4 b4 32. Kg2 g5 33. Qf3 Bb5 34. Qf6+ Qxf6 35. Rxf6 Bd7 36. Kg3 Rc8 37. h3 Rc3+ 38. Rf3 Rc8 39. Rf6 Rc7 40. Rf3 Be8 41. Rf6 Bf7 42. Rf3 Bg6 43. Rf6 Rc3+ 44. Rf3 1-0


[Site "https://www.chess.com"]

[Event "Titled Tuesday Blitz May 9 Late 2023"]
[White "Naroditsky, Daniel"]
[Black "Mortazavi, Ali"]
[WhiteFideId "2026961"]
[BlackFideId "401323"]
[WhiteElo "2633"]
[BlackElo "2339"]
[Result "1-0"]
[Round "11"]
[TimeControl "180+2"]
[Date "2023.05.09"]
[WhiteClock "0:00:06"]
[BlackClock "0:00:00"]

1. e4 c6 2. d4 d5 3. f3 Qb6 4. Nc3 e6 5. a3 Nd7 6. Be3 Ngf6 7. Bd3 Be7 8. Nge2 dxe4 9. fxe4 e5 10. O-O Ng4 11. Bd2 exd4 12. Na4 Qc7 13. Nf4 Nde5 14. h3 Ne3 15. Bxe3 dxe3 16. Qe2 b5 17. Nc3 Bc5 18. Kh1 O-O 19. Nd1 Ng6 20. Nh5 Qe5 21. g4 Be6 22. Nxe3 Bxe3 23. Qxe3 Qxb2 24. Rae1 Qe5 25. Ng3 a6 26. Nf5 c5 27. Qg5 c4 28. Ne7+ Nxe7 29. Qxe5 cxd3 30. cxd3 Rad8 31. Rf3 Nc6 32. Qc5 Nd4 33. Rf2 Nb3 34. Qe3 Rd4 35. Ref1 Rfd8 36. Rf3 a5 37. Qg5 b4 38. axb4 a4 39. Qe7 R4d7 40. Qg5 a3 41. R1f2 h6 42. Qe5 Rc8 43. Rg3 Rc1+ 44. Kh2 Nd4 45. Qa5 a2 46. Rg1 Rdc7 47. Rxc1 Rxc1 48. Rxa2 Bxa2 49. Qd8+ Kh7 50. Qxd4 Rc2+ 51. Kg3 Rd2 52. Qc3 1-0


[Site "https://www.chess.com"]

[Event "Titled Tuesday Blitz May 9 Late 2023"]
[White "MKlose11"]
[Black "Bjelobrk, Igor"]
[BlackFideId "4300726"]
[WhiteElo "2633"]
[BlackElo "2319"]
[Result "0-1"]
[Round "11"]
[TimeControl "180+2"]
[Date "2023.05.09"]
[WhiteClock "0:00:32"]
[BlackClock "0:00:39"]

1. e4 e6 2. Nf3 d5 3. e5 c5 4. b4 cxb4 5. a3 bxa3 6. Bxa3 Bxa3 7. Nxa3 Ne7 8. Nb5 O-O 9. Nxa7 Bd7 10. Nb5 Rxa1 11. Qxa1 Bxb5 12. Bxb5 Qb6 13. Be2 Ng6 14. O-O Nc6 15. Rb1 Qc7 16. d4 Na5 17. Rb2 b6 18. g3 h6 19. Bd3 Ne7 20. Qb1 Rb8 21. Rb5 Nc4 22. Qb3 Nc6 23. Qc3 Na7 24. Rb1 b5 25. Qb4 Nc6 26. Qxc4 bxc4 0-1


[Site "https://www.chess.com"]

[Event "Titled Tuesday Blitz May 9 Late 2023"]
[White "Gritsenko, Nikolai"]
[Black "Mekhitarian, Krikor Sevag"]
[WhiteFideId "14112493"]
[BlackFideId "2107660"]
[WhiteElo "2389"]
[BlackElo "2604"]
[Result "1/2-1/2"]
[Round "11"]
[TimeControl "180+2"]
[Date "2023.05.09"]
[WhiteClock "0:00:03"]
[BlackClock "0:00:06"]

1. d4 Nf6 2. Nf3 g6 3. Bf4 Bg7 4. c3 O-O 5. e3 c5 6. Be2 d6 7. Nbd2 Nh5 8. Bg3 Nd7 9. O-O Nxg3 10. hxg3 d5 11. a4 Qc7 12. Rc1 e5 13. dxe5 Nxe5 14. Nxe5 Qxe5 15. Nf3 Qd6 16. e4 Be6 17. exd5 Qxd5 18. Qxd5 Bxd5 19. Rfd1 Rfd8 20. Nd2 Rd7 21. Bb5 Re7 22. Bc4 Bc6 23. Bb5 Bd5 24. Bc4 Bxc4 25. Nxc4 Re4 26. b3 Re7 27. Rd3 Rae8 28. Ne3 Bh6 29. Re1 Bxe3 30. Rexe3 Rxe3 31. fxe3 c4 32. bxc4 Re7 33. Kf2 Rc7 34. Rd4 b6 35. Ke2 Rc5 36. Rd7 Ra5 37. Kd3 Rxa4 38. g4 Kg7 39. g5 Ra5 40. Rd5 Ra2 41. Rd7 Rxg2 42. Rxa7 Rxg5 43. Rb7 h5 44. Rxb6 h4 45. Rb1 h3 46. Kd4 Rh5 47. c5 g5 48. c6 g4 49. c7 h2 50. c8=Q h1=Q 51. Qxg4+ Kh7 52. Rxh1 Rxh1 53. Qf5+ Kg7 54. c4 Rd1+ 55. Qd3 Rxd3+ 56. Kxd3 Kf6 57. Kd4 Ke6 58. Kc5 Ke5 59. Kb6 Ke4 60. c5 f5 61. c6 Kxe3 62. c7 f4 63. c8=Q f3 64. Qc5+ Ke2 65. Qe5+ Kf1 66. Qb5+ Kg1 67. Qg5+ Kf1 68. Kc5 f2 69. Kd4 Ke2 70. Qe3+ Kf1 71. Ke4 Kg2 72. Qf3+ Kg1 73. Qg3+ Kh1 74. Qh4+ Kg2 75. Qg5+ Kh1 76. Qc1+ Kg2 77. Qg5+ Kh1 78. Qh5+ Kg2 79. Qf3+ Kg1 80. Qe3 Kh1 81. Qh3+ Kg1 82. Qg4+ Kh1 83. Qe2 Kg1 84. Qe3 Kh1 85. Qh3+ Kg1 86. Qe3 1/2-1/2


[Site "https://www.chess.com"]